 Dungeon Crawl Stone Soup version 0.26-b1-32-g5d43845318 (webtiles) character file.

Game seed: 12719014872355582620

1572437 bomjara the Wrestler (level 27, 254/254 HPs)
             Began as a Ghoul Artificer on Jan 12, 2021.
             Was the Champion of Okawaru.
             Escaped with the Orb
             ... and 3 runes!
             The game lasted 04:18:15 (80874 turns).

bomjara the Wrestler (Ghoul Artificer)             Turns: 80874, Time: 04:18:15

Health: 254/254    AC: 37    Str: 37    XL:     27
Magic:  32/32      EV: 11    Int:  6    God:    Okawaru [******]
Gold:   1762       SH: 18    Dex:  6    Spells: 26/26 levels left

rFire    + + .     SeeInvis +     - Unarmed
rCold    + + .     Faith    .   c - +2 kite shield {reflect}
rNeg     + + +     Spirit   +   f - +8 gold dragon scales
rPois    ∞         Reflect  +   F - +1 hat of the Hidden Mouths {rCorr Str+6 Dex-3}
rElec    +         Harm     .   O - +0 cloak of Gestures {rElec rPois Str-2 Stlth-}
rCorr    +         Rampage  .   (no gloves)
Will     +++..                  Y - +2 pair of boots {run}
Stlth    ..........             Z - amulet "Fimo" {Spirit rF+ Slay+2}
HPRegen  0.00/turn              p - ring of Udis {rN+ Will+ Str+4}
MPRegen  0.23/turn              i - ring of see invisible

@: hasted, very quick
A: claws 1, cold resistance 1, negative energy resistance 3, inhibited
regeneration, torment resistance, unbreathing
0: Orb of Zot
}: 3/15 runes: serpentine, barnacled, slimy
a: Renounce Religion, Heroism, Finesse


You escaped.
You worshipped Okawaru.
Okawaru was exalted by your worship.
You visited 11 branches of the dungeon, and saw 52 of its levels.
You also visited: Bailey, Ice Cave and Desolation.

You collected 5834 gold pieces.
You spent 4072 gold pieces at shops.

Inventory:

Missiles
 b - 5 boomerangs of dispersal
 A - 60 silver javelins (quivered)
 D - 9 throwing nets
Armour
 c - a +2 kite shield of reflection (worn)
 f - +8 gold dragon scales (worn)
 F - the +1 hat of the Hidden Mouths (worn) {rCorr Str+6 Dex-3}
   (You found it on level 5 of the Dungeon)

   It affects your strength (+6).
   It affects your dexterity (-3).
   It provides partial protection from all sources of acid and corrosion.
 O - the +0 cloak of Gestures (worn) {rElec rPois Str-2 Stlth-}
   (You found it on level 3 of the Vaults)

   It affects your strength (-2).
   It insulates you from electricity.
   It protects you from poison.
   It makes you less stealthy.
 Y - a +2 pair of boots of running (worn)
Jewellery
 i - a ring of see invisible (right claw)
 o - the ring "Ubluugre" {Will+ Int+2 Dex+6}
   (You found it on level 5 of the Realm of Zot)

   [ring of dexterity]

   It affects your intelligence (+2).
   It affects your dexterity (+6).
   It affects your willpower, your defense against some magical effects.
 p - the ring of Udis (left claw) {rN+ Will+ Str+4}
   (You found it in the Desolation of Salt)

   [ring of willpower]

   It affects your strength (+4).
   It protects you from negative energy.
   It affects your willpower, your defense against some magical effects.
 Z - the amulet "Fimo" (around neck) {Spirit rF+ Slay+2}
   (You bought it in a shop on level 4 of the Snake Pit)

   [amulet of guardian spirit]

   It causes incoming damage to be split between your health and magic.
   It affects your accuracy and damage with ranged weapons and melee attacks
   (+2).
   It protects you from fire.
Wands
 e - a wand of digging (8)
 l - a wand of flame (120)
 s - a wand of iceblast (44)
 u - a wand of paralysis (17)
 G - a wand of disintegration (22)
 I - a wand of acid (52)
 M - a wand of enslavement (7)
Scrolls
 j - 6 scrolls of immolation
 r - 5 scrolls of identify
 t - 7 scrolls of teleportation
 x - 29 scrolls of remove curse
 z - 2 scrolls of blinking
 K - 4 scrolls of fear
 P - 6 scrolls of vulnerability
 Q - a scroll of silence
 S - 3 scrolls of fog
 V - 10 scrolls of amnesia
 W - 2 scrolls of torment
Potions
 a - 7 potions of brilliance
 d - 5 potions of might
 h - 2 potions of haste
 m - 3 potions of attraction
 n - 5 potions of resistance
 q - 13 potions of curing
 w - 4 potions of heal wounds
 C - 3 potions of ambrosia
 L - 5 potions of cancellation
 R - a potion of magic
 T - 4 potions of flight
Miscellaneous
 g - a lightning rod (4/4)
 k - a phial of floods
 v - a condenser vane
 B - a box of beasts
 J - a phantom mirror
 X - a tin of tremorstones (2/2)


   Skills:
 - Level 22.0 Fighting
 + Level 18.9 Armour
 - Level 14.0 Dodging
 - Level 1.1 Stealth
 + Level 18.9 Shields
 - Level 22.0 Unarmed Combat
 - Level 14.0 Invocations
 + Level 16.9 Evocations


You had 26 spell levels left.
You didn't know any spells.
Your spell library contained the following spells:

 Spells                   Type           Power        Failure   Level
 Animate Skeleton         Necr           0%           98%         1
 Apportation              Tloc           0%           98%         1
 Corona                   Hex            0%           98%         1
 Foxfire                  Conj/Fire      0%           98%         1
 Freeze                   Ice            0%           98%         1
 Magic Dart               Conj           0%           98%         1
 Shock                    Conj/Air       0%           98%         1
 Summon Small Mammal      Summ           0%           98%         1
 Blink                    Tloc           N/A          99%         2
 Call Imp                 Summ           0%           99%         2
 Ensorcelled Hibernation  Hex/Ice        0%           99%         2
 Searing Ray              Conj           0%           99%         2
 Slow                     Hex            0%           99%         2
 Swiftness                Air            0%           99%         2
 Call Canine Familiar     Summ           0%           100%        3
 Conjure Flame            Conj/Fire      0%           100%        3
 Dazzling Flash           Conj/Hex       0%           100%        3
 Frozen Ramparts          Ice            0%           100%        3
 Gell's Gravitas          Tloc           0%           100%        3
 Ignite Poison            Fire/Tmut/Pois 0%           100%        3
 Inner Flame              Hex/Fire       0%           100%        3
 Lesser Beckoning         Tloc           0%           100%        3
 Ozocubu's Armour         Ice            0%           100%        3
 Portal Projectile        Hex/Tloc       0%           100%        3
 Static Discharge         Conj/Air       0%           100%        3
 Summon Guardian Golem    Hex/Summ       0%           100%        3
 Teleport Other           Tloc           0%           100%        3
 Airstrike                Air            0%           100%        4
 Cause Fear               Hex            0%           100%        4
 Fulminant Prism          Conj/Hex       0%           100%        4
 Hailstorm                Conj/Ice       0%           100%        4
 Iskenderun's Mystic Bla  Conj/Tloc      0%           100%        4
 Leda's Liquefaction      Hex/Erth       0%           100%        4
 Passage of Golubria      Tloc           N/A          100%        4
 Petrify                  Tmut/Erth      0%           100%        4
 Sticky Flame             Conj/Fire      0%           100%        4
 Summon Ice Beast         Ice/Summ       0%           100%        4
 Summon Lightning Spire   Summ/Air       0%           100%        4
 Alistair's Intoxication  Tmut/Pois      0%           100%        5
 Fireball                 Conj/Fire      0%           100%        5
 Irradiate                Conj/Tmut      0%           100%        5
 Lightning Bolt           Conj/Air       0%           100%        5
 Metabolic Englaciation   Hex/Ice        0%           100%        5
 Silence                  Hex/Air        0%           100%        5
 Summon Demon             Summ           0%           100%        5
 Yara's Violent Unravell  Hex/Tmut       0%           100%        5
 Eringya's Noxious Bog    Tmut/Pois      0%           100%        6
 Freezing Cloud           Conj/Ice/Air   0%           100%        6
 Ozocubu's Refrigeration  Ice            0%           100%        6
 Simulacrum               Ice/Necr       0%           100%        6
 Starburst                Conj/Fire      0%           100%        6
 Haunt                    Necr/Summ      0%           100%        7
 Malign Gateway           Summ/Tloc      0%           100%        7
 Spellforged Servitor     Conj/Summ      0%           100%        7
 Discord                  Hex            0%           100%        8
 Ignition                 Fire           0%           100%        8
 Infestation              Necr           0%           100%        8
 Dragon's Call            Summ           0%           100%        9
 Shatter                  Erth           0%           100%        9
 Tornado                  Air            0%           100%        9
 Beastly Appendage        Tmut           Unusable     N/A         1
 Sublimation of Blood     Necr           Unusable     N/A         2
 Ice Form                 Ice/Tmut       Unusable     N/A         4
 Blade Hands              Tmut           Unusable     N/A         5
 Hydra Form               Tmut           Unusable     N/A         6
 Statue Form              Tmut/Erth      Unusable     N/A         6
 Dragon Form              Tmut           Unusable     N/A         7
 Borgnjor's Revivificati  Necr           Unusable     N/A         8
 Necromutation            Tmut/Necr      Unusable     N/A         8
 Death's Door             Necr           Unusable     N/A         9

Dungeon Overview and Level Annotations

Branches:
Dungeon (15/15)            Temple (1/1) D:4            Lair (6/6) D:11
 Shoals (4/4) Lair:3        Snake (4/4) Lair:3        Slime (5/5) Lair:6
    Orc (2/2) D:11            Elf (1/3) Orc:2        Vaults (4/5) D:14
  Crypt (0/3) Vaults:2     Depths (5/5) D:15            Zot (5/5) Depths:5
 Bailey (visited)           IceCv (visited)         Desolation (visited)

Altars:
Ashenzari
Cheibriados
Dithmenos
Elyvilon
Fedhas
Gozag
Hepliaklqana
Kikubaaqudgha
Makhleb
Nemelex Xobeh
Okawaru
Qazlal
Ru
Sif Muna
Trog
Uskayaw
Vehumet
Wu Jian
Xom
Yredelemnul
Zin
The Shining One
Beogh
Jiyva

Shops:
D:4 [   D:13 [   Orc:2 [*(!   Snake:2 }[[   Snake:4 }==   Vaults:1 (
Vaults:3 !:*   Depths:2 ?[

Portals:
Hell: Depths:1 Depths:2 Depths:3 Depths:4 Depths:5
Abyss: Depths:1 Depths:4
Pandemonium: Depths:1 Depths:3
Ziggurat: Depths:2
Bazaar: Snake:2
Trove: D:14 (give 14 potions of heal wounds)

Annotations:
D:5 2 transporters, Arthanis's ghost, novice DEFE
D:6 1 runed translucent door, Dirian's ghost, novice MiFi
D:13 3 runed translucent doors, Maxmaps's ghost, adept FoSk
Lair:3 exclusion: 2 oklob plants
Shoals:1 1 runed translucent door, AtomicRavioli's ghost, adept OgFi
Shoals:4 3 runed translucent doors, Armakuni's ghost, adept HuBe
Elf:1 2 transporters, Tuny's ghost, adept SpEn
Vaults:4 Mara


Innate Abilities, Weirdness & Mutations

You thrive by killing the living.
You are immune to poison.
You have sharp fingernails.
Your flesh is cold resistant. (rC+)
You are immune to negative energy. (rN+++)
You do not regenerate when monsters are visible.
You are immune to unholy pain and torment.
You can survive without breathing.


Message History

There is a stone staircase leading up here.
You see here 3 stones.
You climb upwards.
There is a stone staircase leading down here.
There is an open door here.
You see here a +0 club.
There is a stone staircase leading up here.
You climb upwards.
There is a stone staircase leading down here.
You feel like a meek peon again.
There is an open door here.
HP restored.
A ynoxinul comes into view.
You feel yourself speed up.
An Orb Guardian comes into view.
Why would you want to do that?
You enter the shallow water.
Moving in this stuff is going to be slow.
There is a staircase leading out of the dungeon here.
You have escaped!

...#############...######### #.##
#..##.##..### ##.######.# #.##
...#.)##....#########...### #.##
...#.....#.≈##.≈.....≈≈...## #.##
.#.#.####......≈≈≈.≈....#..# #.##
...####...≈..≈≈.≈≈≈≈.≈.###.###.##
##.##..#...≈≈≈≈≈.≈≈≈≈≈...##..#.##
#.####..≈≈≈≈≈≈≈≈.≈≈≈≈≈≈.#.......
#.###.##..≈≈≈X.@..≈≈≈..#####....
#.##.##..≈≈≈≈≈.≈.≈≈≈≈...######..
#....#..≈≈÷.≈≈≈.≈≈≈≈......# #..
#...##.≈....≈≈≈≈.≈.≈.≈≈≈≈≈## #..
#...#...[##.)≈≈≈≈.≈.≈≈≈≈...# #..
#.#.###..#...........≈≈...######
#.####..#.#.###.###....####.....
#.#...####### #...##.### #.....
##.##################### #.....


You could see an Orb Guardian.

Vanquished Creatures
  A pandemonium lord (D:5)
  the Royal Jelly (Slime:5)
  6 orbs of fire
  2 ancient liches (Zot:5)
  Mennas (Vaults:3)
  Xtahua (Depths:3)
  2 Killer Klowns (Zot:5)
  Saint Roka (Vaults:3)
  7 caustic shrikes
  Vashnia (Snake:2)
  2 curse toes (Zot:1)
  7 golden dragons
  18 tentacled monstrosities
  The ghost of theMacoje the Slayer, an adept OgAM of Hepliaklqana (Vaults:3)
  An iron giant (Depths:5)
  7 liches
  22 Orb Guardians (Zot:5)
  3 titans (Depths:4)
  22 acid blobs
  5 quicksilver dragons
  3 sphinxes
  Gastronok (Lair:2)
  4 death cobs
  4 krakens (Shoals:3)
  An Executioner (D:5)
  Polyphemus (Shoals:3)
  The ghost of Jeko the Brawler, an adept TrMo of Nemelex Xobeh (Depths:5)
  The ghost of Barug the Brawler, an adept TrMo of Nemelex Xobeh (Depths:5)
  The ghost of Amikeex the Brawler, an adept TrMo of Nemelex Xobeh (Depths:5)
  4 shadow dragons
  3 tengu reavers
  12 azure jellies
  15 storm dragons
  Donald (Shoals:2)
  12 frost giants
  9 nagarajas
  3 iron dragons (Depths:5)
  3 draconian monks
  3 orc warlords (Orc:2)
  3 deep elf sorcerers
  4 imperial myrmidons (Desolation)
  Louise (Shoals:4)
  11 fire giants
  4 vault wardens
  A balrug (Depths:1)
  5 draconian knights
  A juggernaut zombie (D:15)
  5 draconian shifters
  Aizul (Snake:1)
  3 ghost moths (Zot:5)
  6 draconian scorchers
  A deep elf elementalist (Depths:4)
  2 spriggan defenders (Depths:4)
  9 ironheart preservers
  7 very ugly things
  20 stone giants
  7 draconian annihilators
  6 draconian stormcallers
  7 green draconians
  3 vampire knights
  5 black draconians
  A lorocyproca (D:9)
  A dire elephant (Lair:3)
  A deep elf demonologist (Elf:1)
  7 purple draconians
  6 spark wasps
  A minotaur (Vaults:3)
  7 red draconians
  A halazid warlock (Desolation)
  A deep elf annihilator (Depths:4)
  14 white draconians
  9 ettins
  6 yellow draconians
  4 crystal guardians
  Snorg (D:12)
  8 death oozes
  5 merfolk javelineers
  A deep elf death mage (Vaults:1)
  11 great orbs of eyes
  11 ragged hierophants (Desolation)
  16 yaktaur captains
  2 merfolk impalers (Shoals:3)
  Harold (D:8)
  8 boulder beetles
  Josephine (D:15)
  8 fire dragons
  Fannar (D:12)
  13 naga warriors
  6 servants of whispers (Desolation)
  5 rakshasas
  4 peacekeepers (Desolation)
  7 hydras
  3 catoblepae
  9 vault guards
  5 spriggan air magi
  14 anacondas
  17 ice dragons
  3 merfolk avatars
  Erica (D:10)
  2 alligator snapping turtles
  7 centaur warriors
  32 two-headed ogres
  4 merfolk aquamancers (Shoals:4)
  An alligator (shapeshifter) (Depths:4)
  5 tengu warriors
  9 death yaks
  6 satyrs (Shoals:4)
  11 deep troll shamans
  8 ogre magi
  2 death knights
  14 naga sharpshooters
  3 deep troll earth magi
  4 spriggan berserkers
  3 vampire magi
  7 shock serpents
  5 orc high priests (Orc:2)
  2 sun demons (Depths:1)
  9 deep elf knights
  13 hell knights
  6 iron trolls
  A shadow wraith (Vaults:1)
  12 sea snakes
  A sixfirhy (D:5)
  5 unseen horrors
  20 deep trolls
  5 salamander mystics
  6 skeletal warriors
  A gelid demonspawn (Depths:1)
  A swamp dragon (shapeshifter) (Vaults:1)
  3 glowing orange brains
  9 wizards
  15 ironbrand convokers
  7 naga ritualists
  An obsidian statue (Snake:2)
  2 flayed ghosts
  Pikel (D:5)
  A phantasmal warrior (Vaults:3)
  6 deep elf archers
  A tengu zombie (D:15)
  17 harpies
  A harpy (shapeshifter) (Depths:2)
  An orb spider (shapeshifter) (Depths:4)
  27 deep elf magi
  8 mana vipers
  12 necromancers
  5 orc sorcerers
  13 orc knights
  16 fauns
  30 ugly things
  4 salamanders
  23 elephants
  A centaur zombie (D:14)
  4 shining eyes
  2 wolf spiders
  4 cyclopes
  11 manticores
  An iron dragon skeleton (D:15)
  24 moths of wrath
  2 guardian serpents (shapeshifter)
  A black mamba (shapeshifter) (Depths:1)
  Maurice (D:10)
  An ice statue (IceCv)
  2 rust devils (Depths:1)
  14 vault sentinels
  3 water nymphs
  4 eyes of devastation
  8 merfolk sirens
  6 guardian serpents
  30 black mambas
  Maggie (D:8)
  Psyche (D:10)
  2 torpor snails
  An orange demon (Depths:1)
  A gargoyle (D:11)
  14 cane toads
  A molten gargoyle (Desolation)
  13 naga magi
  3 hellions
  5 rime drakes
  A smoke demon (Depths:1)
  39 yaktaurs
  17 freezing wraiths
  A tormentor (Zot:5)
  A komodo dragon (shapeshifter) (Vaults:4)
  18 komodo dragons
  A hellwing (D:5)
  10 polar bears
  A polar bear (shapeshifter) (Vaults:4)
  A queen bee (shapeshifter) (Depths:3)
  6 trolls
  A wolf spider simulacrum (D:14)
  97 slime creatures
  A meliai (shapeshifter) (Depths:4)
  4 tyrant leeches (Depths:2)
  19 merfolk
  20 blink frogs
  54 saltlings (Desolation)
  2 tengu conjurers
  5 hornets
  A hornet (shapeshifter) (Depths:4)
  11 snapping turtles
  4 wind drakes
  3 dream sheep (Shoals:4)
  2 human simulacra
  A shadow (D:12)
  A vampire (D:13)
  2 air elementals (Elf:1)
  11 centaur simulacra
  A hog (shapeshifter) (Vaults:1)
  3 spriggans
  8 wraiths
  A wyvern (shapeshifter) (Vaults:1)
  A fire dragon skeleton (D:15)
  8 water elementals
  16 humans (D:14)
  53 yaks
  10 wyverns
  6 basilisks
  6 golden eyes
  9 vampire mosquitoes
  62 nagas
  A soldier ant (D:14)
  2 acid dragons
  6 wargs
  13 water moccasins
  A floating eye (Depths:4)
  2 meliai simulacra (D:14)
  A swamp drake (shapeshifter) (Vaults:3)
  4 black bears
  64 orc warriors
  4 sky beasts
  13 ice beasts
  An alligator simulacrum (IceCv)
  6 eyes of draining
  4 necrophages
  6 phantoms
  37 ogres
  23 wolves
  A boggart (Depths:3)
  17 centaurs
  5 big kobolds
  15 bullfrogs
  2 water moccasin zombies
  An earth elemental (Elf:1)
  A wyvern skeleton (D:12)
  7 scorpions
  An elephant simulacrum (IceCv)
  A water moccasin skeleton (D:9)
  A swamp dragon simulacrum (IceCv)
  4 howler monkeys
  26 wights
  3 electric eels
  A howler monkey (shapeshifter) (Depths:2)
  3 crimson imps
  3 draconian simulacra (IceCv)
  A bullfrog zombie (D:8)
  5 quasits
  8 hounds
  36 orc priests
  4 gnoll shamans
  8 jellies
  24 orc wizards
  5 centaur skeletons
  3 bullfrog skeletons
  5 iguanas
  2 troll simulacra (IceCv)
  8 worker ants
  5 polar bear simulacra (Lair:6)
  3 spriggan simulacra (IceCv)
  5 wolf simulacra
  A hound skeleton (D:5)
  2 howler monkey zombies
  13 gnolls
  3 worker ant zombies
  A naga simulacrum (IceCv)
  9 adders
  2 ogre simulacra (IceCv)
  A shadow imp (Depths:1)
  32 white imps
  6 ufetubi
  3 adder zombies
  3 worms
  An adder skeleton (D:4)
  2 dart slugs (D:2)
  14 leopard geckos
  168 orcs
  14 bats
  3 giant cockroaches
  9 goblins
  4 hobgoblins (D:3)
  9 jackals
  3 quokkas
  3 ball pythons
  3 frilled lizards
  19 kobolds
  A leopard gecko skeleton (D:5)
  A quokka skeleton (D:4)
  9 rats
  2 river rat simulacra (Lair:6)
  A bush (Shoals:2)
  14 tentacles (Shoals:3)
2371 creatures vanquished.

Vanquished Creatures (collateral kills)
  An electric golem (Zot:5)
  2 Orb Guardians (Zot:5)
  2 yellow draconians (Zot:5)
  A merfolk javelineer (Vaults:3)
  A naga warrior (Snake:4)
  A tengu warrior (Depths:3)
  A naga sharpshooter (Snake:4)
  A naga ritualist (Snake:4)
  An orc knight (Bailey)
  A faun (Shoals:4)
  A guardian serpent (Snake:4)
  A black mamba (Snake:4)
  A naga mage (Snake:4)
  3 orc warriors (Bailey)
  3 slime creatures (Slime:3)
  A naga (Snake:4)
  An orc priest (Orc:2)
  An ufetubus (D:6)
  2 orcs (Bailey)
26 creatures vanquished.

Vanquished Creatures (others)
  A red draconian (Zot:5)
  A deep elf mage (Elf:1)
  A black mamba (Snake:2)
  A naga mage (Snake:4)
  3 orc warriors (Bailey)
  An ogre (Vaults:1)
  An orc wizard (D:6)
  An adder skeleton (D:4)
  An orc (D:4)
  A kobold (D:2)
  107 fungi
  256 plants
  24 tentacles (Shoals:3)
  13 withered plants (D:15)
412 creatures vanquished.

Grand Total: 2809 creatures vanquished

Notes
Turn   | Place    | Note
-------+----------+-------------------------------------------
     0 | D:1      | bomjara the Ghoul Artificer began the quest for the Orb.
     0 | D:1      | Reached XP level 1. HP: 16/16 MP: 0/0
   176 | D:1      | Reached skill level 1 in Unarmed Combat
   176 | D:1      | Reached XP level 2. HP: 24/24 MP: 1/1
  1070 | D:1      | Reached XP level 3. HP: 30/30 MP: 2/2
  2008 | D:2      | Reached XP level 4. HP: 36/38 MP: 3/3
  2886 | D:3      | Reached XP level 5. HP: 45/45 MP: 4/4
  3288 | D:4      | Found a staircase to the Ecumenical Temple.
  3299 | Temple   | Entered the Ecumenical Temple
  3538 | Temple   | Became a worshipper of Warmaster Okawaru
  3739 | D:4      | Found Afo Ceubre's Antique Armour Shop.
  3744 | D:4      | Bought a pair of boots for 81 gold pieces
  3881 | D:4      | Reached XP level 6. HP: 53/53 MP: 5/5
  3980 | D:4      | Found a radiant altar of Vehumet.
  3986 | D:4      | Got a brightly glowing whip
  3994 | D:4      | Identified the +5 whip of Debt {vorpal, rPois rN++ Str-4}
                  | (You found it on level 4 of the Dungeon)
  4285 | D:4      | Reached skill level 5 in Fighting
  4287 | D:4      | Reached * piety under Okawaru
  4368 | D:4      | Reached skill level 5 in Unarmed Combat
  4606 | D:5      | Entered Level 5 of the Dungeon
  4624 | D:4      | Reached XP level 7. HP: 55/61 MP: 6/6
  4733 | D:5      | Reached skill level 1 in Invocations
  4885 | D:5      | Noticed an unseen horror
  5100 | D:5      | Killed an unseen horror
  5100 | D:5      | Reached ** piety under Okawaru
  5101 | D:5      | Reached XP level 8. HP: 30/71 MP: 7/9
  5968 | D:5      | Noticed Arthanis's ghost (novice DEFE)
  6002 | D:5      | Found a transporter.
  6008 | D:5      | Found a transporter.
  6009 | D:5      | Noticed a toenail golem
  6084 | D:5      | Reached skill level 1 in Shields
  6338 | D:5      | Reached XP level 9. HP: 80/80 MP: 11/11
  6393 | D:5      | Noticed Pikel
  6409 | D:5      | Killed Pikel
  6409 | D:5      | Reached *** piety under Okawaru
  6410 | D:5      | Reached skill level 5 in Invocations
  6964 | D:5      | Got an encrusted hat
  6965 | D:5      | Identified the +1 hat of the Hidden Mouths {rCorr Str+6
                  | Dex-3} (You found it on level 5 of the Dungeon)
  7279 | D:6      | Found a basalt altar of Yredelemnul.
  7347 | D:6      | Found a runed translucent door.
  7409 | D:6      | Found a shimmering altar of Xom.
  7409 | D:6      | Noticed Dirian's ghost (novice MiFi)
  7409 | D:6      | Noticed a +2 falchion of chaos
  7420 | D:6      | You fall into a shaft and drop 3 floors!
  7420 | D:9      | Noticed a two-headed ogre
  7421 | D:9      | Noticed a two-headed ogre
  7450 | D:8      | Found a flagged portal.
  7644 | Bailey   | Entered a bailey
  7662 | Bailey   | Noticed an orc knight
  7667 | Bailey   | Reached **** piety under Okawaru
  7710 | Bailey   | Killed an orc knight
  7717 | Bailey   | an orc warrior changed into a worm
  7878 | Bailey   | Reached XP level 10. HP: 91/91 MP: 13/13
  8112 | Bailey   | Noticed an orc knight
  8131 | Bailey   | Reached ***** piety under Okawaru
  8140 | Bailey   | Killed an orc knight
  8371 | D:8      | Noticed Maggie
  8408 | D:8      | Killed Maggie
  8409 | D:8      | Reached skill level 10 in Fighting
  8409 | D:8      | Reached skill level 10 in Unarmed Combat
  8691 | D:7      | Found a shadowy altar of Dithmenos.
  9149 | D:6      | Reached skill level 1 in Dodging
  9549 | D:6      | Found a hide-covered altar of Uskayaw.
 10521 | D:7      | Found a glowing golden altar of the Shining One.
 10721 | D:8      | Reached XP level 11. HP: 101/101 MP: 14/14
 11258 | D:8      | Noticed a two-headed ogre
 11265 | D:8      | a two-headed ogre changed into a snapping turtle
 11858 | D:9      | Reached ****** piety under Okawaru
 11901 | D:9      | Reached skill level 5 in Shields
 12007 | D:9      | Noticed a two-headed ogre
 12014 | D:9      | Killed a two-headed ogre
 12014 | D:9      | Received a gift from Okawaru
 12023 | D:9      | Got a fading ring mail {god gift}
 12024 | D:9      | Identified the +3 ring mail of Geelosha {Will+} (Okawaru
                  | gifted it to you on level 9 of the Dungeon)
 12287 | D:9      | Killed a two-headed ogre
 12458 | D:9      | Killed a two-headed ogre
 12785 | D:8      | Noticed Harold
 12797 | D:8      | Killed Harold
 13035 | D:10     | Entered Level 10 of the Dungeon
 13044 | D:10     | Noticed Maurice
 13058 | D:10     | Was placed under penance by Okawaru
 13071 | D:10     | Killed Maurice
 13141 | D:10     | Noticed Erica
 13152 | D:10     | Killed Erica
 13152 | D:10     | Was forgiven by Okawaru
 13153 | D:10     | Reached XP level 12. HP: 100/112 MP: 16/16
 13366 | D:10     | Noticed Psyche
 13376 | D:10     | Killed Psyche
 13645 | D:10     | Noticed a two-headed ogre
 13650 | D:10     | Killed a two-headed ogre
 13650 | D:10     | Received a gift from Okawaru
 13748 | D:11     | Noticed a two-headed ogre
 13757 | D:11     | Killed a two-headed ogre
 13758 | D:11     | Reached skill level 5 in Armour
 13852 | D:11     | Noticed a death yak
 13853 | D:11     | Noticed a death yak
 13854 | D:11     | Noticed a death yak
 13861 | D:10     | Killed a death yak
 14196 | D:11     | Noticed a two-headed ogre
 14204 | D:11     | Killed a two-headed ogre
 14204 | D:11     | Received a gift from Okawaru
 14220 | D:11     | Found a roughly hewn altar of Beogh.
 14220 | D:11     | Found a staircase to the Orcish Mines.
 14305 | D:11     | Noticed a death yak
 14305 | D:11     | Noticed a death yak
 14306 | D:11     | Noticed a death yak
 14324 | D:11     | Killed a death yak
 14326 | D:11     | Noticed a death yak
 14331 | D:11     | Killed a death yak
 14335 | D:11     | Killed a death yak
 14341 | D:11     | Killed a death yak
 14351 | D:11     | Killed a death yak
 14356 | D:11     | Killed a death yak
 14357 | D:11     | Reached XP level 13. HP: 122/122 MP: 11/17
 14443 | D:11     | Received a gift from Okawaru
 14495 | D:11     | Found a staircase to the Lair.
 15000 | Lair:1   | Entered Level 1 of the Lair of Beasts
 15783 | Lair:1   | Received a gift from Okawaru
 16732 | Lair:2   | You fall into a shaft and drop 2 floors!
 17106 | Lair:3   | Found a staircase to the Snake Pit.
 17211 | Lair:2   | Noticed Gastronok
 17228 | Lair:2   | Killed Gastronok
 17228 | Lair:2   | Received a gift from Okawaru
 17229 | Lair:2   | Reached XP level 14. HP: 89/130 MP: 18/20
 17773 | Lair:3   | Received a gift from Okawaru
 17830 | Lair:3   | Noticed a dire elephant
 17843 | Lair:3   | Killed a dire elephant
 18020 | Lair:3   | Got a scorched plate armour
 18022 | Lair:3   | Identified the +1 plate armour "Zughutre" {*Slow Will+
                  | rCorr} (You found it on level 3 of the Lair of Beasts)
 18439 | Lair:3   | Found a staircase to the Shoals.
 18858 | Lair:4   | Reached skill level 10 in Invocations
 19091 | Lair:4   | Received a gift from Okawaru
 20860 | Lair:6   | Entered Level 6 of the Lair of Beasts
 20866 | Lair:5   | Received a gift from Okawaru
 20979 | Lair:6   | Got a pair of slimy boots
 20982 | Lair:6   | Identified the +1 pair of boots "Aruat" {rN+} (You found it
                  | on level 6 of the Lair of Beasts)
 20990 | Lair:6   | Found a runed translucent door.
 20990 | Lair:6   | Found a viscous altar of Jiyva.
 20991 | Lair:6   | Noticed an azure jelly
 21150 | Lair:6   | Reached XP level 15. HP: 109/139 MP: 21/21
 21289 | Lair:6   | Found a staircase to the Slime Pits.
 21289 | Lair:6   | Noticed an azure jelly
 21622 | Lair:6   | Reached skill level 10 in Shields
 21629 | Lair:6   | Reached skill level 5 in Dodging
 21644 | Lair:6   | Reached skill level 15 in Fighting
 22417 | Lair:6   | Received a gift from Okawaru
 22699 | D:12     | Noticed Fannar
 22704 | D:12     | Reached skill level 15 in Unarmed Combat
 22716 | D:12     | Killed Fannar
 22931 | D:12     | Noticed Snorg
 22955 | D:12     | Killed Snorg
 23396 | D:12     | Reached skill level 10 in Armour
 23601 | Orc:1    | Entered Level 1 of the Orcish Mines
 23822 | Orc:2    | Entered Level 2 of the Orcish Mines
 24547 | Orc:2    | Noticed an orc warlord
 24567 | Orc:2    | Killed an orc warlord
 24567 | Orc:2    | Received a gift from Okawaru
 24760 | Orc:2    | Noticed an orc warlord
 24770 | Orc:2    | Found a roughly hewn altar of Beogh.
 24778 | Orc:2    | Killed an orc warlord
 24887 | Orc:2    | Found Afaeqerait's Weapon Shoppe.
 24897 | Orc:2    | Reached skill level 5 in Evocations
 25137 | Orc:2    | Found Meezeaq's Distillery.
 25441 | Orc:2    | Found a staircase to the Elven Halls.
 25812 | Orc:2    | Reached XP level 16. HP: 149/149 MP: 22/22
 26013 | Orc:2    | Found a roughly hewn altar of Beogh.
 26202 | Orc:2    | Found Nuowoerchu's Armour Emporium.
 26427 | Orc:2    | Found Natageops's General Store.
 26459 | Orc:2    | Bought a scroll of fog for 28 gold pieces
 26844 | D:13     | Found Sinaopna's Antique Armour Emporium.
 26867 | D:13     | Bought a glowing cloak for 187 gold pieces
 26901 | D:13     | Bought a runed cloak for 187 gold pieces
 27067 | D:13     | Found a broken altar of Ashenzari.
 27310 | D:13     | Noticed a tengu reaver
 27324 | D:13     | Killed a tengu reaver
 27377 | D:13     | Found a basalt altar of Yredelemnul.
 27390 | D:13     | Noticed Maxmaps's ghost (adept FoSk)
 27476 | D:13     | Found a runed translucent gate.
 27476 | D:13     | Found a runed translucent gate.
 27477 | D:13     | Found a runed translucent gate.
 27988 | D:14     | Received a gift from Okawaru
 28183 | D:14     | Found a frozen archway.
 28190 | IceCv    | Entered an ice cave
 28503 | IceCv    | Found an ancient bone altar of Kikubaaqudgha.
 29137 | D:14     | Found a portal to a secret trove of treasure.
 29424 | D:14     | Paralysed by a wizard for 3 turns
 29450 | D:14     | Received a gift from Okawaru
 29453 | D:14     | Got a translucent ring mail {god gift}
 29454 | D:14     | Identified the +1 ring mail "Utoeh Jiuneg" {Str+4} (Okawaru
                  | gifted it to you on level 14 of the Dungeon)
 29472 | D:14     | Found a gate to the Vaults.
 30265 | D:15     | Entered Level 15 of the Dungeon
 30519 | D:15     | Noticed Josephine
 30536 | D:15     | Found a staircase to the Depths.
 31050 | D:15     | Killed Josephine
 31618 | D:15     | Reached XP level 17. HP: 131/157 MP: 21/24
 32242 | Snake:1  | Entered Level 1 of the Snake Pit
 32702 | Orc:2    | Bought a potion of heal wounds for 90 gold pieces
 32702 | Orc:2    | Bought a potion of heal wounds for 90 gold pieces
 32702 | Orc:2    | Bought a potion of curing for 54 gold pieces
 32702 | Orc:2    | Bought a potion of curing for 54 gold pieces
 32702 | Orc:2    | Bought a potion of heal wounds for 90 gold pieces
 32702 | Orc:2    | Bought a potion of curing for 54 gold pieces
 32702 | Orc:2    | Bought a potion of might for 72 gold pieces
 32975 | Snake:1  | Found a shadowy altar of Dithmenos.
 33213 | Snake:1  | Received a gift from Okawaru
 33214 | Snake:1  | Got a steaming crystal plate armour {god gift}
 33215 | Snake:1  | Identified the +0 crystal plate armour the Burnt Serpent
                  | {Dex+3} (Okawaru gifted it to you on level 1 of the Snake
                  | Pit)
 33413 | Orc:2    | Bought the amulet "Ykhlikud" {RegenMP rElec rC+ Int+2} for
                  | 772 gold pieces
 33815 | Snake:1  | Noticed Aizul
 33862 | Snake:1  | Killed Aizul
 34483 | Snake:2  | Found Jysuaf's Antique Armour Emporium.
 34498 | Snake:2  | Noticed Vashnia
 34535 | Snake:2  | Killed Vashnia
 34671 | Snake:2  | Bought a pair of embroidered gloves for 285 gold pieces
 34759 | Snake:2  | Found Folaciw's Armour Emporium.
 35260 | Snake:2  | Found a gateway to a bazaar.
 35314 | Snake:2  | Found Maonn's Gadget Boutique.
 35670 | Snake:3  | Received a gift from Okawaru
 36407 | Snake:4  | Entered Level 4 of the Snake Pit
 36882 | Snake:4  | Reached XP level 18. HP: 150/168 MP: 25/25
 37056 | Snake:4  | Received a gift from Okawaru
 37257 | Snake:4  | Received a gift from Okawaru
 37351 | Snake:4  | Found Ogilaid's Jewellery Shoppe.
 37353 | Snake:4  | Found Edukeqaf's Gadget Boutique.
 37354 | Snake:4  | Found Tuk Nan's Jewellery Shoppe.
 37922 | Snake:4  | Got a serpentine rune of Zot
 38124 | Shoals:1 | Entered Level 1 of the Shoals
 38266 | Shoals:1 | Identified a scroll of acquirement
 38267 | Shoals:1 | Acquired 770 gold pieces
 38792 | Shoals:1 | Found a runed translucent door.
 38792 | Shoals:1 | Noticed AtomicRavioli's ghost (adept OgFi)
 39225 | Shoals:2 | Noticed Donald
 39248 | Shoals:2 | Killed Donald
 39389 | Shoals:2 | Reached XP level 19. HP: 169/177 MP: 27/27
 40459 | Shoals:3 | Noticed Polyphemus
 40489 | Shoals:3 | Killed Polyphemus
 40497 | Shoals:3 | Received a gift from Okawaru
 40498 | Shoals:3 | Got a translucent hat {god gift}
 40510 | Shoals:3 | Identified the +2 hat of the Trombone {*Contam rN+ Stlth+}
                  | (Okawaru gifted it to you on level 3 of the Shoals)
 42080 | Shoals:4 | Entered Level 4 of the Shoals
 42173 | Shoals:4 | Reached skill level 10 in Evocations
 42611 | Shoals:4 | Noticed Louise
 42632 | Shoals:4 | Killed Louise
 42907 | Shoals:4 | Got a barnacled rune of Zot
 43147 | Shoals:4 | Found a runed translucent gate.
 43147 | Shoals:4 | Noticed Armakuni's ghost (adept HuBe)
 43148 | Shoals:4 | Found a runed translucent gate.
 43900 | Shoals:4 | Found a runed translucent gate.
 44105 | Lair:6   | Received a gift from Okawaru
 44424 | Vaults:1 | Entered Level 1 of the Vaults
 44959 | Vaults:1 | Reached XP level 20. HP: 189/189 MP: 28/28
 45197 | Vaults:1 | Received a gift from Okawaru
 45333 | Vaults:1 | Got a pair of polished gloves {god gift}
 45334 | Vaults:1 | Identified the +0 pair of gloves of the King of the Hill
                  | {Regen+ rCorr Dex+2} (Okawaru gifted it to you on level 1
                  | of the Vaults)
 45878 | Vaults:1 | Found Zauwucoc's Antique Weapon Boutique.
 47249 | Vaults:2 | Found a staircase to the Crypt.
 47664 | Vaults:2 | Received a gift from Okawaru
 48111 | Vaults:3 | Found Nuplea's Book Shoppe.
 48213 | Vaults:3 | Found Tyippawk's Distillery.
 48228 | Vaults:3 | Bought 3 potions of cancellation for 384 gold pieces
 48228 | Vaults:3 | Bought a potion of might for 64 gold pieces
 48228 | Vaults:3 | Bought a potion of heal wounds for 80 gold pieces
 48228 | Vaults:3 | Bought a potion of haste for 160 gold pieces
 48398 | Vaults:3 | Noticed Saint Roka
 48416 | Vaults:3 | Killed Saint Roka
 48416 | Vaults:3 | Received a gift from Okawaru
 48611 | Vaults:3 | Found Viawkom's General Store.
 48619 | Vaults:3 | Bought a scroll of teleportation for 48 gold pieces
 48619 | Vaults:3 | Bought a potion of haste for 160 gold pieces
 48619 | Vaults:3 | Bought a scroll of identify for 32 gold pieces
 48864 | Vaults:3 | Found a runed translucent gate.
 48864 | Vaults:3 | Found a runed translucent gate.
 48864 | Vaults:3 | Found a runed translucent gate.
 48869 | Vaults:3 | Noticed theMacoje's ghost (adept OgAM)
 48871 | Vaults:3 | Found an iron altar of Okawaru.
 49468 | Vaults:3 | Noticed Mennas
 49490 | Vaults:3 | Killed Mennas
 49491 | Vaults:3 | Reached XP level 21. HP: 164/199 MP: 24/29
 50441 | Vaults:3 | Killed theMacoje's ghost
 50441 | Vaults:3 | Received a gift from Okawaru
 50518 | Vaults:3 | Got a scorched cloak
 50520 | Vaults:3 | Identified the cursed +0 cloak of Gestures {rElec rPois
                  | Str-2 Stlth-} (You found it on level 3 of the Vaults)
 50537 | Vaults:3 | Identified a +0 pair of boots of running (You found it on
                  | level 3 of the Vaults)
 50830 | Vaults:4 | Found a ruined gateway.
 50853 | Desolati | Entered the Desolation of Salt
 51001 | Desolati | Identified the Incunabulum of Icy Ignition
 51493 | Desolati | Identified Juijyunu's Disquisition on Flamy Creation
 52288 | Desolati | Received a gift from Okawaru
 52337 | Desolati | Got a faintly glowing golden ring
 52419 | Desolati | Identified the ring of Udis {rN+ Will+ Str+4} (You found it
                  | in the Desolation of Salt)
 53236 | Vaults:4 | Noticed Mara
 53236 | Vaults:4 | Noticed Mara
 53236 | Vaults:4 | Noticed Mara
 53245 | Vaults:4 | Noticed bomjara's illusion
 53257 | Vaults:4 | Reached XP level 22. HP: 193/209 MP: 31/31
 53498 | Vaults:4 | Received a gift from Okawaru
 53499 | Vaults:4 | Got a pair of transparent gloves {god gift}
 53505 | Vaults:4 | Identified the +0 pair of gloves of Lifelessness {+Blink
                  | rPois rC- Int+4} (Okawaru gifted it to you on level 4 of
                  | the Vaults)
 54162 | Depths:1 | Entered Level 1 of the Depths
 54798 | Depths:1 | Found a gateway to Hell.
 55299 | Depths:1 | Found a one-way gate to the infinite horrors of the Abyss.
 55546 | Depths:1 | Found a one-way gate leading to the halls of Pandemonium.
 56319 | Depths:2 | Found Ofe Zope's Armour Shop.
 56319 | Depths:2 | Found Umiorphu's Magic Scroll Boutique.
 56777 | Snake:4  | Bought the amulet "Fimo" {Spirit rF+ Slay+2} for 1100 gold
                  | pieces
 57239 | Depths:2 | Received a gift from Okawaru
 57888 | Depths:2 | Found a gateway to a ziggurat.
 58395 | Depths:2 | Received a gift from Okawaru
 58752 | Depths:2 | Reached XP level 23. HP: 202/215 MP: 29/32
 59613 | Depths:2 | Got a pair of ichor-stained gloves
 60712 | Depths:3 | Identified the +1 pair of gloves of the Jabberwock {-Cast
                  | rN+ Dex+3 Stlth+} (You found it on level 2 of the Depths)
 60749 | Depths:3 | Reached skill level 15 in Armour
 60840 | Depths:3 | Reached skill level 15 in Shields
 60847 | Depths:3 | Paralysed by a wizard for 6 turns
 61532 | Slime:1  | Entered Level 1 of the Pits of Slime
 62976 | Slime:3  | Received a gift from Okawaru
 64312 | Elf:1    | Entered Level 1 of the Elven Halls
 64496 | Elf:1    | Identified Noyr's Handbook of Companions
 64537 | Elf:1    | Found a transporter.
 64539 | Elf:1    | Noticed Tuny's ghost (adept SpEn)
 64613 | Elf:1    | Found a transporter.
 65004 | Slime:4  | Received a gift from Okawaru
 66048 | Slime:5  | Entered Level 5 of the Pits of Slime
 66570 | Depths:3 | Found a broken altar of Ashenzari.
 66661 | Depths:3 | Noticed Xtahua
 66669 | Depths:3 | Killed Xtahua
 66683 | Depths:3 | Reached XP level 24. HP: 197/226 MP: 24/32
 66696 | Depths:3 | Received a gift from Okawaru
 66844 | Depths:3 | Reached skill level 10 in Dodging
 67093 | Depths:3 | You fall into a shaft and drop 2 floors!
 67093 | Depths:5 | Entered Level 5 of the Depths
 67496 | Depths:5 | Found a gate to the Realm of Zot.
 68109 | Depths:5 | Noticed a caustic shrike
 68109 | Depths:5 | Noticed a caustic shrike
 68109 | Depths:5 | Noticed a caustic shrike
 68110 | Depths:5 | Noticed a caustic shrike
 68174 | Depths:4 | Received a gift from Okawaru
 68516 | Depths:4 | Noticed a caustic shrike
 68526 | Depths:4 | Killed a caustic shrike
 69389 | Depths:4 | Noticed a caustic shrike
 69401 | Depths:4 | Killed a caustic shrike
 69401 | Depths:4 | Received a gift from Okawaru
 69602 | Depths:4 | Found a hide-covered altar of Uskayaw.
 69603 | Depths:4 | Found a shadowy altar of Dithmenos.
 69611 | Depths:4 | Found a snail-covered altar of Cheibriados.
 69685 | Depths:4 | Received a gift from Okawaru
 69686 | Depths:4 | Got a pair of spiked boots {god gift}
 69687 | Depths:4 | Identified the +4 pair of boots "Koecirru" {rN+} (Okawaru
                  | gifted it to you on level 4 of the Depths)
 69815 | Depths:4 | Reached XP level 25. HP: 232/238 MP: 31/32
 71214 | Depths:5 | Received a gift from Okawaru
 71420 | Depths:5 | Found a runed translucent door.
 71448 | Depths:5 | Noticed Amikeex's ghost (adept TrMo)
 71798 | Depths:5 | Killed Amikeex's ghost
 71813 | Depths:5 | Found a runed translucent door.
 71816 | Depths:5 | Noticed Barug's ghost (adept TrMo)
 71840 | Depths:5 | Killed Barug's ghost
 71880 | Depths:5 | Found a runed translucent door.
 71880 | Depths:5 | Noticed Jeko's ghost (adept TrMo)
 72271 | Depths:5 | Killed Jeko's ghost
 72391 | Depths:5 | Received a gift from Okawaru
 72488 | Depths:5 | Got a dazzling hat
 72489 | Depths:5 | Identified the +0 hat of Joffix {rN++ Int+3} (You found it
                  | on level 5 of the Depths)
 73498 | Slime:5  | Found a viscous altar of Jiyva.
 73538 | Slime:5  | Received a gift from Okawaru
 73807 | Slime:5  | Noticed the Royal Jelly
 73822 | Slime:5  | Killed the Royal Jelly
 73822 | Slime:5  | Received a gift from Okawaru
 73823 | Slime:5  | Reached XP level 26. HP: 232/246 MP: 22/32
 73999 | Slime:5  | Got a slimy rune of Zot
 74206 | Slime:5  | Identified the Papyrus of Unstable Companions
 74844 | Zot:1    | Entered Level 1 of the Realm of Zot
 75408 | Zot:1    | Noticed an orb of fire
 75421 | Zot:1    | Received a gift from Okawaru
 75427 | Zot:1    | Killed an orb of fire
 77655 | Zot:5    | Entered Level 5 of the Realm of Zot
 78503 | Zot:3    | Received a gift from Okawaru
 78630 | Zot:3    | Reached skill level 15 in Evocations
 78815 | Zot:3    | Reached XP level 27. HP: 254/254 MP: 30/32
 79204 | Zot:5    | Got a translucent bone ring
 79599 | Zot:5    | Noticed an ancient lich
 79605 | Zot:5    | Killed an ancient lich
 79617 | Zot:5    | Noticed an orb of fire
 79619 | Zot:5    | Noticed an orb of fire
 79636 | Zot:5    | Noticed an orb of fire
 79637 | Zot:5    | Killed an orb of fire
 79641 | Zot:5    | Killed an orb of fire
 79657 | Zot:5    | Noticed an orb of fire
 79662 | Zot:5    | Noticed an ancient lich
 79663 | Zot:5    | Noticed an orb of fire
 79678 | Zot:5    | Received a gift from Okawaru
 79711 | Zot:5    | Killed an orb of fire
 79739 | Zot:5    | Noticed an orb of fire
 79749 | Zot:5    | Noticed an orb of fire
 79751 | Zot:5    | Noticed an orb of fire
 79751 | Zot:5    | Noticed an orb of fire
 79964 | Zot:5    | Killed an ancient lich
 80018 | Zot:5    | Killed an orb of fire
 80018 | Zot:5    | Received a gift from Okawaru
 80021 | Zot:5    | Identified the ring "Ubluugre" {Will+ Int+2 Dex+6} (You
                  | found it on level 5 of the Realm of Zot)
 80068 | Zot:5    | Killed an orb of fire
 80132 | Zot:5    | Got the Orb of Zot
 80175 | Zot:5    | Noticed an orb of fire
 80402 | Depths:5 | Noticed Pehifojo the pandemonium lord
 80756 | D:5      | Noticed Roocom the pandemonium lord
 80775 | D:5      | Killed Roocom the pandemonium lord
 80874 | D:$      | Escaped with the Orb!

Illustrated notes

Levels and vault maps discovered:
D:1:      dpeg_arrival_subterranean_lakeside_camping, layout_basic, minivault_23
D:2:      layout_loops_corners, serial_rivers, chequers_serial_rivers_marsh,
          chequers_serial_rivers_micro_c, chequers_serial_rivers_small_a,
          chequers_serial_rivers_large_a, chequers_serial_rivers_micro_d,
          chequers_serial_rivers_micro_a
D:3:      layout_rooms
D:4:      layout_basic, fiery_altar_vehumet, minmay_temple_entry_offerings,
          serial_shops, nicolae_shop_waterfront
D:5:      cheibrodos_fzero, layout_loops_ring, gammafunk_ghost_abyssal_escape,
          nzn_random_ring, uniq_pikel
D:6:      layout_basic, overflow_temple_1_default,
          lemuel_coloured_pillars_altar, ebering_ghost_xom,
          minmay_increasing_density
D:7:      kennysheep_seaside_town, layout_basic, tso_oasis_becter,
          minmay_misc_feat_x, grunt_dithmenos_smoke
D:8:      layout_basic, enter_bailey_2, uniq_harold, uniq_maggie
D:9:      layout_basic
D:10:     layout_rooms, uniq_psyche, uniq_erica, uniq_maurice
D:11:     layout_rooms, dpeg_lair_monsters, david_orc_5, special_room
          [special_room_orc]
D:12:     minmay_diamond_stairs, layout_cave_pods, uniq_snorg, uniq_fannar
D:13:     layout_stronghold, serial_shops, shop_fountains,
          gammafunk_ghost_split, hangedman_feature_mirror,
          kennysheep_just_a_vault
D:14:     layout_basic, grunt_vaults_entry_tiered, enter_trove_3, serial_ice,
          serial_ice_g, serial_ice_k, serial_ice_b, serial_ice_m, serial_ice_d,
          serial_ice_n, serial_ice_h, serial_ice_o, serial_ice_a, serial_ice_f,
          portal_ice_cave_entry_imps
D:15:     gammafunk_depths_entry_grave, layout_loops_ring, small_statue_alley_a,
          uniq_josephine
Temple:   dpeg_five_rooms_temple
Lair:1:   layout_cave_pods, infiniplex_staircase_pool_2
Lair:2:   layout_chaotic_city, nicolae_quartered_pool_little,
          eino_small_chamber_without_monster, uniq_gastronok
Lair:3:   mu_elephants_graveyard, layout_cave_shapes,
          minmay_shoals_entry_lonely_mermaid, infiniplex_staircase_pool,
          minmay_lair_oklob_chamber, lemuel_fruit_tree
Lair:4:   layout_cellular_growth
Lair:5:   layout_long_grid, minivault_25, grunt_megastairs_4
Lair:6:   gammafunk_lair_ancient_temple, layout_hall_layers, slime_altar_2,
          st_stairs_9, eino_house_with_fridge
Shoals:1: layout_shoals, ebering_ghost_inner_flame
Shoals:2: layout_shoals, yaktaur_hedge, uniq_donald
Shoals:3: layout_shoals, nicolae_shoals_kraken_party, uniq_polyphemus
Shoals:4: shoals_end_grunt_garden, layout_shoals, gammafunk_ghost_necromancy,
          uniq_louise
Snake:1:  layout_grid_shapes, basic_altar, st_stairs_9, serial_bayou_shore_b,
          uniq_aizul
Snake:2:  layout_misc_corridors, serial_shops, statue_bzr, shop,
          nicolae_shop_statue_plus, shop, grunt_megastairs_3, uniq_vashnia
Snake:3:  layout_basic, grunt_ministairs_13
Snake:4:  johnstein_snake_rune_scales, layout_misc_corridors, minmay_shop_grove
Slime:1:  layout_caves
Slime:2:  layout_caves
Slime:3:  layout_caves
Slime:4:  layout_caves
Slime:5
Orc:1:    layout_caves, uniq_erolcha
Orc:2:    pubby_orc_utopia
Elf:1:    eino_elf_arrival_the_gate, layout_rooms, gammafunk_ghost_arena,
          minmay_elf_demonology
Vaults:1: ontoclasm_vaults_fire_temple, v_alt_pattern_1, nicolae_vaults_big_ls,
          nicolae_vaults_hallways_thing, ontoclasm_vaults_tryst,
          hangedman_vaults_snaps, vaults_room_pools, vaults_standard_mumra_x,
          nicolae_vaults_specimen_jars, ontoclasm_vaults_loading_screen,
          layout_vaults_chaotic_city, serial_shops, shop
Vaults:2: vaults_room_hallway, v_misc_19, nicolae_vaults_network_star,
          v_misc_19, nicolae_vaults_disjoint_gnomons, hangedman_vaults_cutoff,
          nicolae_vaults_diagonal_hallway_6, minmay_crypt_entry_simple_statues,
          nicolae_vaults_mini_display_case, nicolae_vaults_network_s,
          vaults_dpeg_ring, nicolae_vaults_little_squares_4,
          ontoclasm_vaults_ring_small, vaults_room_door_ring,
          layout_vaults_omnibox
Vaults:3: gammafunk_vaults_ghost_fury_of_okawaru, v_misc_18,
          nicolae_vaults_stairing_the_circle, serial_ice_b, v_misc_1, v_misc_12,
          nicolae_vaults_network_barrier, grunt_vaults_funnel,
          nicolae_vaults_little_ls, layout_vaults_ring, serial_shops,
          nicolae_shop_statue_plus, shop_statue, shop, uniq_saint_roka,
          uniq_mennas
Vaults:4: v_misc_29, vaults_mumra_hexcomb, ontoclasm_vaults_decontamination,
          nicolae_vaults_network_quinsquares
          [nicolae_vaults_network_quincunx_subvault,
          nicolae_vaults_network_quincunx_subvault,
          nicolae_vaults_network_quincunx_subvault,
          nicolae_vaults_network_quincunx_subvault],
          nicolae_vaults_three_branches, nicolae_vaults_little_squares_4,
          vaults_room_fours, v_rooms_2, v_misc_24, layout_vaults_big_cross,
          portal_desolation_entry_garden, uniq_mara
Depths:1: layout_basic, abyss_entry_small_statue_room, lightli_too_deep,
          grunt_pan_entry_in_and_out, drop_trap, serial_sigils_hangedman_snap,
          solitary_fountain, kennysheep_generic_room_6
Depths:2: grunt_house_of_mirrors, layout_gridlike, enter_ziggurat_f,
          hangedman_decor_push, hell_entry, hangedman_stitches_earthworm,
          minmay_shoptagon
Depths:3: nzn_winding_woodlands_cross [nzn_winding_woodlands_5x15_jagged,
          nzn_winding_woodlands_5x15_pathside_ponds,
          nzn_winding_woodlands_5x15_split_checker,
          nzn_winding_woodlands_5x15_garden,
          nzn_winding_woodlands_15x15_thick_spiral], layout_cave_pools,
          serial_column_ruins, column_ruins_hut, column_ruins_grid_3,
          column_ruins_open_tiny, column_ruins_open_small,
          column_ruins_columns_T, evilmike_ruin_ashenzari, hangedman_geh_valley,
          rand_demon_pan_entry_5, firewood_loft, uniq_xtahua
Depths:4: hangedman_slaughterboxes, abyss_entry, hell_entry
Depths:5: grunt_zot_entry_hairpin, layout_gridlike,
          muffindrake_ghost_three_little_ghosts, hell_entry
Zot:1:    layout_cellular_growth, grunt_megastairs_2
Zot:2:    layout_basic
Zot:3:    layout_gridlike
Zot:4:    layout_twisted_circle
Zot:5:    layout_basic

Skill      XL: |  1  2  3  4  5  6  7  8  9 10 11 12 13 14 15 16 17 18 19 20 21 22 23 24 25 26 27 |
---------------+----------------------------------------------------------------------------------+-----
Unarmed Combat | 1 2 3 4 5 6 7 9 10 11 12 13 14 15 16 17 18 19 20 22 | 22.0
Fighting       | 2 3 4 5 6 7 9 10 12 13 14 15 16 17 18 19 20 22 | 22.0
Invocations    | 3 4 5 6 7 9 10 11 12 13 14 | 14.0
Shields        | 1 3 4 5 7 8 9 10 11 12 13 14 15 16 17 18 | 18.9
Armour         | 2 4 6 7 8 10 11 12 13 14 15 16 17 18 | 18.9
Dodging        | 2 4 7 8 9 10 12 13 14 | 14.0
Evocations     | 6 7 8 9 10 11 13 14 15 16 | 16.9
Stealth        | |  1.1

Action                   |  1- 3 |  4- 6 |  7- 9 | 10-12 | 13-15 | 16-18 | 19-21 | 22-24 | 25-27 || total
-------------------------+-------+-------+-------+-------+-------+-------+-------+-------+-------++-------
Melee: Unarmed           |   116 |   181 |   221 |   693 |  1622 |  1906 |  1666 |  1659 |  1233 ||  9297
       Punch             |     1 |     4 |     1 |       |       |       |       |       |       ||     6
Throw: Dart              |    39 |    43 |    10 |    21 |       |       |       |       |       ||   113
       Javelin           |       |     4 |    12 |     9 |     9 |     3 |     4 |       |    17 ||    58
       Boomerang         |       |       |    12 |    31 |    27 |       |       |       |       ||    70
       Throwing net      |       |       |       |     2 |       |     5 |       |       |     2 ||     9
Invok: Heroism           |       |       |       |     7 |    16 |    16 |    23 |    10 |    28 ||   100
       Finesse           |       |       |       |     3 |     7 |     8 |    10 |     5 |     6 ||    39
 Abil: Stop Flying       |       |       |       |       |     2 |     3 |     4 |       |       ||     9
       Evoke Flight      |       |       |       |       |     1 |     4 |     3 |       |       ||     8
Evoke: Wand              |     1 |     2 |    20 |    28 |     2 |     4 |    12 |     4 |    13 ||    86
       Lightning rod     |       |       |       |     6 |       |     7 |       |       |       ||    13
       Box of beasts     |       |       |       |       |       |     4 |     2 |     2 |     5 ||    13
       Condenser vane    |       |       |       |       |       |     4 |     6 |     3 |     4 ||    17
       Phial of floods   |       |       |       |       |       |       |     2 |     2 |       ||     4
       Tin of tremorston |       |       |       |       |       |       |     1 |       |     2 ||     3
       Phantom mirror    |       |       |       |       |       |       |       |     1 |       ||     1
  Use: Scroll            |     5 |     7 |     6 |     9 |    13 |     9 |    12 |     5 |    34 ||   100
       Potion            |       |     1 |     7 |     1 |     3 |     2 |     8 |     1 |    34 ||    57
 Stab: Held in net/web   |       |       |       |     1 |       |     2 |       |       |     3 ||     6
       Distracted        |       |       |       |       |       |     1 |       |     1 |     2 ||     4
       Paralysed         |       |       |       |       |       |       |       |     1 |       ||     1
       Invisible         |       |       |       |       |       |       |       |       |     1 ||     1
Armor: Leather armour    |    25 |       |       |       |       |       |       |       |       ||    25
       Scale mail        |     8 |    54 |    64 |     5 |       |       |       |       |       ||   131
       Plate armour      |       |       |       |   113 |    36 |       |       |       |       ||   149
       Swamp dragon scal |       |       |       |    10 |       |       |       |       |       ||    10
       Storm dragon scal |       |       |       |       |   334 |   227 |       |       |       ||   561
       Crystal plate arm |       |       |       |       |       |   282 |   493 |   588 |   229 ||  1592
       Gold dragon scale |       |       |       |       |       |       |       |       |   175 ||   175
Dodge: Dodged            |    75 |    80 |    81 |   175 |   435 |   476 |   353 |   329 |   240 ||  2244
       Repelled          |       |       |       |     1 |     4 |    32 |     8 |       |       ||    45
Block: Tower shield      |       |       |    65 |       |       |       |       |       |       ||    65
       Kite shield       |       |       |     9 |   261 |  1054 |  1376 |   734 |   805 |   592 ||  4831
       Reflection        |       |       |       |       |    18 |    39 |    75 |    49 |    15 ||   196
